 Dungeon Crawl Stone Soup version 0.19.0 (webtiles) character file.

7636 Ultraviolent4 the Cleaver (level 10, -11/92 HPs)
             Began as a Deep Dwarf Gladiator on Nov 20, 2016.
             Was an Elder of Makhleb.
             Mangled by a hill giant
             ... wielding a +0 giant club
              (15 damage)
             ... on level 10 of the Dungeon.
             The game lasted 00:09:21 (5552 turns).

Ultraviolent4 the Cleaver (Deep Dwarf Gladiator)    Turns: 5552, Time: 00:09:21

Health: -11/92     AC: 16    Str: 22    XL:     10   Next: 98%
Magic:  7/7        EV: 10    Int:  9    God:    Makhleb [****..]
Gold:   483        SH:  0    Dex: 13    Spells: 0 memorised, 9 levels left

rFire  . . .     SeeInvis .     a - +1 war axe
rCold  + . .     Gourm    .     v - +1 plate armour {rPois}
rNeg   . . .     Faith    .     (no shield)
rPois  +         Spirit   .     F - +1 helmet
rElec  .         Reflect  .     (no cloak)
rCorr  .         Harm     .     (no gloves)
MR     ++...                    (no boots)
Stlth  ..........               (no amulet)
                                l - ring of protection from magic
                                b - ring of protection from cold

@: lethally poisoned (-11 -> -11), non-regenerating
A: damage resistance, recharge devices, sense surroundings 2, slow regeneration
3
a: Device Recharging, Minor Destruction, Lesser Servant of Makhleb, Major
Destruction, Renounce Religion


You were on level 10 of the Dungeon.
You worshipped Makhleb.
Makhleb was greatly pleased with you.
You were hungry.

You visited 2 branches of the dungeon, and saw 11 of its levels.

You collected 543 gold pieces.
You spent 60 gold pieces at shops.

Inventory:

Hand Weapons
 a - a +1 war axe (weapon)
Missiles
 d - 3 throwing nets (quivered)
Armour
 v - a +1 plate armour of poison resistance (worn)
   (You took it off an orc warrior on level 7 of the Dungeon)
 F - a +1 helmet (worn)
Jewellery
 b - a ring of protection from cold (left hand)
   (You found it on level 5 of the Dungeon)
 g - an uncursed ring of protection from magic
   (You found it on level 5 of the Dungeon)
 l - a ring of protection from magic (right hand)
   (You found it on level 5 of the Dungeon)
 x - an uncursed ring of resist corrosion
   (You found it on level 8 of the Dungeon)
 z - an uncursed ring of see invisible
   (You found it on level 4 of the Dungeon)
Wands
 c - a wand of disintegration (10/24)
   (You found it on level 9 of the Dungeon)
 e - a wand of heal wounds (0/9) {@v2}
 r - a wand of enslavement (5/24)
   (You found it on level 7 of the Dungeon)
 A - a wand of polymorph (17/24)
   (You found it on level 8 of the Dungeon)
Scrolls
 t - 2 scrolls of fog
 y - a scroll of remove curse {@r2}
 D - a scroll of holy word {unknown}
 E - a scroll of enchant weapon
 G - a scroll of brand weapon {unknown}
Potions
 f - a potion of resistance
 i - 2 potions of haste {@q3}
 j - a potion of lignification {!q}
 k - 2 potions of might
 m - 4 potions of magic
 n - a potion of brilliance
 o - a potion of cure mutation
 p - a potion of ambrosia {unknown}
 s - a potion of cancellation {unknown}
 C - 2 potions of heal wounds {@q2}
 H - a potion of flight {unknown}
Comestibles
 h - 2 meat rations
 q - 10 bread rations
 u - a royal jelly


   Skills:
 + Level 6.6 Fighting
 * Level 11.5 Axes
 - Level 1.7 Throwing
 + Level 7.7 Armour
 + Level 8.2 Dodging
 + Level 7.7 Invocations


You had 9 spell levels left.
You didn't know any spells.

Dungeon Overview and Level Annotations

Branches:
Dungeon (10/15)            Temple (1/1) D:6            Lair (0/6) D:10
    Orc (0/2) D:10

Altars:
Ashenzari
Cheibriados
Dithmenos
Elyvilon
Hepliaklqana
Kikubaaqudgha
Makhleb
Nemelex Xobeh
Okawaru
Ru
Sif Muna
Trog
Uskayaw
Vehumet
Xom
Zin
The Shining One

Shops:
D:6 }   D:9 *


Innate Abilities, Weirdness & Mutations

You are resistant to damage.
You can recharge devices by infusing magical energy.
You passively map the area around you.
You do not regenerate.


Message History

The killer bee stings you but does no damage.
The killer bee completely misses you. The hill giant closely misses you.
The killer bee stings you but does no damage.
The killer bee barely misses you.
You slash the hill giant! You miss the killer bee.
Your plate armour prevents you from hitting the killer bee.
The killer bee stings you but does no damage.
The killer bee closely misses you. The hill giant closely misses you.
The killer bee closely misses you. The killer bee stings you.
Your plate armour prevents you from hitting the hill giant.
You closely miss the killer bee. You miss the killer bee.
The killer bee misses you.
The killer bee stings you but does no damage. x2
The hill giant closely misses you. The killer bee stings you.
You hit the hill giant. You hit the killer bee. You miss the killer bee.
The killer bee stings you.
The killer bee stings you but does no damage.
You slash the hill giant! You miss the killer bee.
You closely miss the killer bee. The killer bee closely misses you.
The killer bee stings you.
The killer bee stings you but does no damage. x2
The hill giant hits you with a giant club!!
Your plate armour prevents you from hitting the hill giant.
You slash the killer bee! You miss the killer bee.
The killer bee stings you but does no damage.
The killer bee completely misses you.
The killer bee stings you but does no damage.
The killer bee closely misses you.
The hill giant hits you with a giant club!!
You hit the hill giant. You hit the killer bee. You barely miss the killer bee.
The killer bee closely misses you. The killer bee barely misses you.
The killer bee stings you but does no damage. x2
You feel much better.
This wand has 1 charge left.
The killer bee stings you but does no damage.
The killer bee barely misses you.
The hill giant hits you with a giant club!!
* * * LOW HITPOINT WARNING * * *
The killer bee stings you but does no damage. x2
You feel much better.
This wand has 0 charges left.
The killer bee stings you but does no damage.
The killer bee barely misses you. The killer bee closely misses you.
The hill giant hits you with a giant club!!
* * * LOW HITPOINT WARNING * * *
The killer bee stings you but does no damage.
This wand has no charges.
As you read the scroll of fear, it crumbles to dust.
You assume a fearsome visage.
The hill giant easily resists.
The killer bee looks frightened! x2; The adder looks frightened!
The hill giant hits you with a giant club!
You die...

...##### #.# , , * ,
........ ..# + , ,
######## #.# , , # #.#
*, , , * # #.# ,# , #
#.# .#
##########.#######.# . ,
........<......(.C.#....
>,
.............).†@..S....
,,, ,
.................=......
.........####'####.y....
, .........# .....
.y..#.8 ,,*
.........#....... .....
.....PP..#......., .....
, , * .........#........
.... , , .P.......# , ,
....,
.........###############
,, ,


You could see a hill giant, 2 killer bees and an adder (fleeing).

Vanquished Creatures
  A troll (D:10)
  A hornet (D:7)
  2 hippogriffs
  2 wyverns (D:9)
  A spriggan (D:7)
  A hungry ghost (D:7)
  9 yaks (D:10)
  A basilisk (D:10)
  5 porcupines (D:10)
  4 orc warriors
  3 sky beasts
  An ice beast (D:9)
  2 eyes of draining
  3 centaurs
  4 ogres
  A crocodile (D:10)
  6 bullfrogs
  A wyvern skeleton (D:9)
  5 scorpions
  15 killer bees
  3 howler monkeys (D:7)
  2 crimson imps
  A centaur zombie (D:10)
  A jelly (D:10)
  7 hounds
  4 bullfrog skeletons
  5 orc priests
  A gnoll shaman (D:8)
  7 orc wizards
  4 iguanas
  2 worker ants
  A hound zombie (D:9)
  A hound skeleton (D:9)
  9 gnolls
  4 river rats (D:10)
  13 adders
  A shadow imp (D:6)
  An adder zombie (D:5)
  A worm (D:3)
  2 leopard geckos (D:3)
  46 orcs
  4 giant cockroaches
  3 hobgoblins
  5 jackals
  2 kobolds
  5 quokkas
  A ball python (D:3)
  4 bats (D:1)
  A frilled lizard (D:1)
  5 goblins
  A jackal skeleton (D:8)
  A jackal zombie (D:5)
  A quokka zombie (D:5)
  3 rats
220 creatures vanquished.

Notes
Turn   | Place    | Note
-------+----------+-------------------------------------------
     0 | D:1      | Ultraviolent4 the Deep Dwarf Gladiator began the quest for the Orb.
     0 | D:1      | Reached XP level 1. HP: 19/19 MP: 1/1
   156 | D:1      | Reached XP level 2. HP: 8/26 MP: 2/2
   336 | D:3      | Reached skill level 4 in Axes
   346 | D:3      | Reached skill level 1 in Armour
   346 | D:3      | Reached XP level 3. HP: 21/32 MP: 3/3
   403 | D:3      | Found a white marble altar of Elyvilon.
   490 | D:3      | Reached XP level 4. HP: 36/40 MP: 3/3
   512 | D:3      | Found a faded altar of an unknown god.
   898 | D:4      | Reached skill level 5 in Axes
   898 | D:4      | Reached XP level 5. HP: 38/48 MP: 4/4
   953 | D:4      | Found an iron altar of Okawaru.
  1082 | D:5      | Entered Level 5 of the Dungeon
  1161 | D:5      | Noticed a sky beast
  1173 | D:5      | Killed a sky beast
  1173 | D:5      | Reached XP level 6. HP: 37/56 MP: 5/5
  1265 | D:5      | Noticed a sky beast
  1292 | D:5      | Killed a sky beast
  1292 | D:5      | Reached skill level 6 in Axes
  1425 | D:5      | Reached XP level 7. HP: 53/62 MP: 6/6
  1652 | D:6      | Found Usorass's Gadget Boutique.
  1765 | D:6      | Reached skill level 5 in Dodging
  1843 | D:6      | Reached skill level 7 in Axes
  1861 | D:6      | Found a staircase to the Ecumenical Temple.
  1935 | Temple   | Entered the Ecumenical Temple
  2053 | Temple   | Became a worshipper of Makhleb the Destroyer
  2212 | D:6      | Reached skill level 1 in Invocations
  2376 | D:6      | Reached XP level 8. HP: 49/72 MP: 7/7
  2687 | D:7      | HP: 2/72 [ogre/giant club (15)]
  2802 | D:7      | Noticed a hornet
  2816 | D:7      | Paralysed by a hornet for 1 turns
  2822 | D:7      | Paralysed by a hornet for 2 turns
  2827 | D:7      | Paralysed by a hornet for 3 turns
  2838 | D:7      | Killed a hornet
  2838 | D:7      | Reached skill level 8 in Axes
  2898 | D:7      | Reached skill level 5 in Armour
  2908 | D:7      | Reached skill level 5 in Fighting
  2908 | D:7      | Gained mutation: You passively map the area around you. [Deep Dwarf growth]
  2908 | D:7      | Reached XP level 9. HP: 51/81 MP: 7/7
  3062 | D:7      | Reached * piety under Makhleb
  3087 | D:7      | Reached skill level 9 in Axes
  3218 | D:7      | Found a hide-covered altar of Uskayaw.
  3218 | D:7      | Found an ancient bone altar of Kikubaaqudgha.
  4068 | D:8      | Reached skill level 5 in Invocations
  4322 | D:8      | Found a sparkling altar of Nemelex Xobeh.
  4493 | D:9      | Found Olef's General Store.
  4497 | D:9      | Reached skill level 10 in Axes
  4516 | D:9      | Bought a potion of heal wounds for 60 gold pieces
  4530 | D:9      | Reached ** piety under Makhleb
  4605 | D:9      | Reached XP level 10. HP: 86/91 MP: 7/7
  4853 | D:10     | Entered Level 10 of the Dungeon
  4882 | D:10     | Reached skill level 11 in Axes
  4900 | D:10     | Found a staircase to the Lair.
  4954 | D:10     | Reached *** piety under Makhleb
  5011 | D:10     | Found a staircase to the Orcish Mines.
  5260 | D:10     | Reached **** piety under Makhleb
  5531 | D:10     | Noticed a hill giant
  5551 | D:10     | HP: 4/92 [hill giant/giant club (23)]
  5552 | D:10     | Mangled by a hill giant

Skill      XL: |  1  2  3  4  5  6  7  8  9 10 |
---------------+-------------------------------+-----
Fighting       | 2 3 4 5 6 |  6.6
Axes           | 4 5 6 7 8 10 11 | 11.5
Armour         | 1 2 3 4 5 6 7 |  7.7
Dodging        | 4 5 6 7 8 |  8.2
Invocations    | 1 3 5 7 |  7.7
Throwing       | |  1.7

Action                   |  1- 3 |  4- 6 |  7- 9 | 10-12 || total
-------------------------+-------+-------+-------+-------++-------
Melee: War axe           |    62 |   114 |   425 |   223 ||   824
 Abil: Device Recharging |     1 |       |     6 |     1 ||     8
Evoke: Wand              |     5 |     3 |    30 |    12 ||    50
  Use: Scroll            |       |    10 |     7 |     6 ||    23
       Potion            |       |       |     2 |       ||     2
  Eat: Chunk             |       |     1 |    15 |     3 ||    19
Armor: Leather armour    |    19 |    12 |       |       ||    31
       Chain mail        |       |    53 |   133 |       ||   186
       Plate armour      |       |       |   182 |   274 ||   456
Dodge: Dodged            |    54 |    65 |   296 |   252 ||   667
